 Dungeon Crawl Stone Soup version 0.29-a0-517-gbdf32494f2 (webtiles) character file.

Game seed: 13088272284376761098

3625 snarfax the Severer (level 10, -5/91 HPs)
             Began as a Hill Orc Monk on May 30, 2022.
             Was an Elder of Beogh.
             Slain by an ogre
             ... wielding a +0 giant club
              (24 damage)
             ... on level 8 of the Dungeon.
             The game lasted 00:28:18 (9647 turns).

snarfax the Severer (Hill Orc Monk)                 Turns: 9647, Time: 00:28:19

Health: -5/91      AC:  8    Str: 19    XL:     10   Next: 11%
Magic:  10/10      EV:  8    Int: 10    God:    Beogh [****..]
Gold:   324        SH:  5    Dex: 13    Spells: 9/9 levels left

rFire   . . .      SeeInvis .   d - +5 war axe of Keemer {drain, rPois rN+}
rCold   . . .      Faith    .   j - orb {light}
rNeg    + . .      Spirit   .   n - +0 chain mail
rPois   +          Reflect  +   (no helmet)
rElec   .          Harm     .   (no cloak)
rCorr   +          Rampage  .   (no gloves)
Will    .....                   (no boots)
Stlth   ..........              B - amulet of reflection
HPRegen 0.25/turn               f - ring of resist corrosion
MPRegen 0.12/turn               E - ring of poison resistance

@: marked, glowing
A: no striking features
a: Renounce Religion, Smiting, Recall Orcish Followers


You were on level 8 of the Dungeon.
You worshipped Beogh.
Beogh was greatly pleased with you.
You visited 1 branch of the dungeon, and saw 8 of its levels.

You collected 324 gold pieces.

Inventory:

Hand Weapons
 a - a +1 hand axe
 d - the +5 war axe of Keemer (weapon) {drain, rPois rN+}
   (You acquired it on level 3 of the Dungeon)

   A truly terrible weapon, it drains the life of any living foe it strikes.
   rPois:     It protects you from poison.
   rN:        It protects you from negative energy.
Missiles
 k - 14 poisoned darts (quivered)
 C - 2 throwing nets
Armour
 b - a +0 robe
 g - a +0 leather armour
 i - a +0 ring mail
 j - an orb of light (worn)
 l - a +0 scale mail
 n - a +0 chain mail (worn)
Jewellery
 f - a ring of resist corrosion (left hand)
 x - an amulet of faith
 B - an amulet of reflection (around neck)
 E - a ring of poison resistance (right hand)
Wands
 p - a wand of iceblast (5)
 y - a wand of flame (8)
 A - a wand of paralysis (6)
 F - a wand of polymorph (11)
Scrolls
 q - a scroll of enchant armour {unknown}
 u - a scroll of vulnerability {unknown}
 v - a scroll of immolation
 w - a scroll of enchant weapon
 z - a scroll of fog
Potions
 e - 2 potions of invisibility
 h - a potion of cancellation {unknown}
 m - 2 potions of flight
 o - a potion of attraction
 r - 2 potions of brilliance
 t - a potion of haste {unknown}
 D - a potion of lignification {unknown}


   Skills:
 + Level 9.4 Fighting
 - Level 16.0 Axes
 - Level 2.4 Dodging
 - Level 1.5 Stealth


You had 9 spell levels left.
You didn't know any spells.
Your spell library contained the following spells:

 Spells                   Type           Power      Damage    Failure   Level
 Summon Small Mammal      Summ           0%         N/A       99%         1
 Call Canine Familiar     Summ           0%         N/A       100%        3
 Gell's Gravitas          Tloc           0%         N/A       100%        3
 Lesser Beckoning         Tloc           0%         N/A       100%        3
 Summon Guardian Golem    Hex/Summ       0%         N/A       100%        3
 Teleport Other           Tloc           0%         N/A       100%        3
 Dispersal                Tloc           0%         N/A       100%        6
 Disjunction              Tloc           0%         N/A       100%        8


Dungeon Overview and Level Annotations

Branches:
Dungeon (8/15)             Temple (0/1) D:7
   Lair: D:8-11

Altars:
Cheibriados
Fedhas
Gozag
Kikubaaqudgha
Okawaru
Wu Jian
Yredelemnul
Zin

Annotations:
D:8 3 runed translucent doors, spiderkeys's ghost, novice BaAK


Message History

Blink to where?
Press: ? - help, Dir - move target The orc priest relaxes its fighting stance and smiles at you.
It shouts, "Surely Beogh must have sent you!"
An ogre and an orc priest come into view.
As you read the scroll of blinking, it crumbles to dust.
Something bites your orc warrior but does no damage.
Your orc warrior hits something with a +0 battleaxe!
Beogh accepts your kill.
You feel a bit more experienced.
Your orc warrior hits the gnoll with a +0 battleaxe!
The gnoll dies!
Beogh accepts your kill. Something hits your orc warrior.
Your orc warrior hits something with a +0 flail!
Beogh accepts your kill.
You feel a bit more experienced.
Your orc warrior looks more experienced.
Something hits your orc priest!!
Your orc priest dies!
Nordag miscasts a cantrip.
Beogh accepts your kill.
You feel a bit more experienced. Beogh accepts your kill.
Beogh appreciates your killing of a heretic priest.
You feel a bit more experienced. The ogre attacks as you move away!
The ogre barely misses you.
There is a huge open gate here.
An ogre comes into view. It is wielding a +0 giant club.
A bullfrog comes into view.
The bullfrog snags a nearby fly with its tongue.
You start removing your armour.
You continue taking off your orb of light.
The ogre hits you with a +0 giant club!!
Keep disrobing? [Y]es or [N]o only, please.
Keep disrobing? [Y]es or [N]o only, please.
Keep disrobing?
You die...

........# #.#######..
........# ####.# ##.
.........# #....# #.
.........# #.#### ##
........)###.# #
........F)...# #
.........#####
.........####### ##
........@....... ..
≈≈≈≈≈≈..O.≈≈≈≈≈≈ ≈≈
≈≈≈≈≈≈.)..≈≈≈≈≈≈ ≈≈
≈≈≈≈≈≈....≈≈≈≈≈≈ ##
................
#############')O'######
#........ #.)..#
.......# #.o..# ......#
#....# #


You could see 2 ogres, a bullfrog and a friendly orc warrior.

Vanquished Creatures
  A hornet (D:7)
  2 water moccasins
  2 orc warriors
  A sky beast (D:6)
  An ice beast (D:5)
  2 black bears
  An ogre (D:5)
  A phantom (D:6)
  3 gnoll sergeants (D:8)
  2 necrophages
  4 scorpions
  4 howler monkeys (D:8)
  2 jellies
  3 hounds
  2 orc priests
  2 gnoll shamans
  4 iguanas
  Ijyb (D:4)
  6 orc wizards
  10 gnolls
  9 adders
  4 white imps (D:6)
  3 ufetubi
  2 worms (D:4)
  10 dart slugs
  14 orcs
  5 bats
  4 endoplasms
  3 giant cockroaches
  5 goblins
  8 hobgoblins
  7 jackals
  4 quokkas (D:1)
  9 ball pythons
  16 kobolds
  3 rats
160 creatures vanquished.

Vanquished Creatures (collateral kills)
  A kobold demonologist (D:8)
  A warg (D:8)
  An orc warrior (D:7)
  5 ogres (D:8)
  A gnoll sergeant (D:8)
  2 kobold brigands
  A bullfrog (D:7)
  3 howler monkeys
  A hound (D:7)
  2 orc priests
  2 orc wizards (D:8)
  5 gnolls
  A white imp (D:7)
  3 orcs (D:7)
  3 kobolds (D:7)
32 creatures vanquished.

Vanquished Creatures (others)
  An orc warrior (D:8)
  2 orc priests (D:8)
  2 orc wizards (D:7)
  9 orcs
  6 fungi (D:1)
  16 plants
36 creatures vanquished.

Grand Total: 228 creatures vanquished

Notes
Turn   | Place    | Note
-------+----------+-------------------------------------------
     0 | D:1      | snarfax the Hill Orc Monk began the quest for the Orb.
     0 | D:1      | Reached XP level 1. HP: 19/19 MP: 1/1
   368 | D:1      | Reached XP level 2. HP: 23/26 MP: 2/2
   616 | D:1      | Reached skill level 5 in Axes
   620 | D:1      | Reached XP level 3. HP: 15/31 MP: 3/3
  1306 | D:1      | Reached skill level 6 in Axes
  1741 | D:1      | Found a faded altar of an unknown god.
  1910 | D:2      | Reached XP level 4. HP: 36/39 MP: 4/4
  2122 | D:2      | Found an iron altar of Okawaru.
  2161 | D:2      | Reached skill level 7 in Axes
  2575 | D:3      | Found a snail-covered altar of Cheibriados.
  2584 | D:3      | Reached XP level 5. HP: 44/45 MP: 5/5
  2924 | D:3      | Identified a scroll of acquirement
  2924 | D:3      | Acquired the +5 war axe of Keemer {drain, rPois rN+}
  3181 | D:3      | Found an ancient bone altar of Kikubaaqudgha.
  3599 | D:4      | Reached skill level 8 in Axes
  3627 | D:4      | Noticed Ijyb
  3656 | D:4      | Killed Ijyb
  3854 | D:4      | Reached XP level 6. HP: 33/51 MP: 6/6
  3854 | D:4      | Became a worshipper of Beogh the Brigand
  3854 | D:4      | Reached * piety under Beogh
  3854 | D:4      | Reached ** piety under Beogh
  4040 | D:4      | Reached skill level 9 in Axes
  4756 | D:5      | Entered Level 5 of the Dungeon
  4799 | D:5      | Noticed an ice beast
  4806 | D:5      | Killed an ice beast
  4807 | D:5      | Reached skill level 10 in Axes
  4807 | D:5      | Reached XP level 7. HP: 57/57 MP: 3/7
  4933 | D:5      | Found a blossoming altar of Fedhas.
  4950 | D:5      | Reached skill level 11 in Axes
  5393 | D:5      | Found an iron altar of Okawaru.
  5566 | D:5      | Reached skill level 12 in Axes
  5566 | D:5      | Reached XP level 8. HP: 55/64 MP: 8/8
  5705 | D:6      | Found an opulent altar of Gozag.
  5717 | D:6      | Found a glowing silver altar of Zin.
  5787 | D:6      | Found an ornate altar of the Wu Jian Council.
  5844 | D:6      | Reached skill level 13 in Axes
  5896 | D:6      | Reached *** piety under Beogh
  6130 | D:6      | Reached skill level 14 in Axes
  6255 | D:6      | Found a basalt altar of Yredelemnul.
  6916 | D:7      | Reached XP level 9. HP: 49/70 MP: 9/9
  7048 | D:7      | Found a staircase to the Ecumenical Temple.
  7225 | D:7      | Reached skill level 15 in Axes
  7373 | D:7      | Noticed a hornet
  7378 | D:7      | Killed a hornet
  8770 | D:8      | Found a runed translucent gate.
  8771 | D:8      | Found a runed translucent gate.
  8772 | D:8      | Found a runed translucent gate.
  8772 | D:8      | Noticed a nine-headed hydra
  8773 | D:8      | Noticed spiderkeys's ghost (novice BaAK)
  8788 | D:8      | Reached skill level 16 in Axes
  9170 | D:8      | Gained Nordag as an ally
  9180 | D:8      | Reached skill level 5 in Fighting
  9268 | D:8      | Noticed a kobold demonologist
  9289 | D:8      | Reached **** piety under Beogh
  9291 | D:8      | Killed a kobold demonologist
  9627 | D:8      | Reached XP level 10. HP: 54/90 MP: 10/10
  9647 | D:8      | Slain by an ogre

Illustrated notes

Levels and vault maps discovered:
D:1:      dpeg_arrival_yet_another_circle, layout_basic,
          shapermc_ecumenical_altar_mp_urbaneastern
D:2:      layout_basic, serial_corexii_hall, chequers_hall_statues_corner_a,
          corexii_hall_statues_i, basic_altar
D:3:      layout_loops_corners, mainiacjoe_overflow_concentric_impassable,
          kiku_gazebo_pond_becter
D:4:      kennysheep_six_static_rooms, layout_cave_pods, serial_park,
          serial_park_tiny_2, serial_park_square3 [serial_park_minivault_5x5_5],
          serial_park_tiny_2, serial_park_avenue1, grunt_decor_junction,
          uniq_ijyb
D:5:      layout_cave_pools, overflow_temple_1_default,
          okawaru_metal_pillars_1_2, roderic_roman_lattice,
          kennysheep_generic_room_12
D:6:      layout_basic, nzn_wu_jian_contemplation,
          gammafunk_temple_overflow_forgotten
D:7:      layout_loops_ring, minmay_temple_entry_sparse_star,
          nicolae_benzene_ring
D:8:      lemuel_castle_with_subvaults [lemuel_castle_interior_carwin_2],
          layout_basic, gammafunk_ghost_hydra_chop

Skill      XL: |  1  2  3  4  5  6  7  8  9 10 |
---------------+-------------------------------+-----
Axes           | 5 6 7 8 10 12 14 16 | 16.0
Fighting       | 8 9 |  9.4
Dodging        | |  2.4
Stealth        | |  1.5

Action                   |  1- 3 |  4- 6 |  7- 9 | 10-12 || total
-------------------------+-------+-------+-------+-------++-------
Melee: Hand axe          |   146 |    87 |       |       ||   233
       Punch             |     3 |     1 |       |       ||     4
       War axe           |       |    66 |   180 |     6 ||   252
Throw: Dart              |     6 |     3 |       |       ||     9
Invok: Smiting           |       |     1 |     1 |       ||     2
       Convert to Beogh  |       |     1 |       |       ||     1
  Use: Potion            |     1 |       |     5 |       ||     6
       Scroll            |       |     9 |     7 |     1 ||    17
 Stab: Distracted        |       |       |     1 |       ||     1
Armor: Robe              |     2 |       |       |       ||     2
       Ring mail         |    26 |       |       |       ||    26
       Scale mail        |     4 |    61 |    35 |       ||   100
       Chain mail        |       |       |    22 |     4 ||    26
Dodge: Dodged            |    79 |    71 |    59 |     2 ||   211
Block: Orb               |       |       |    10 |     2 ||    12
       Reflection        |       |       |     1 |       ||     1

Table legend: (Time is in decaauts)
 A = Elapsed time spent in this place.
 B = Non-inter-level travel time spent in this place.
 C = Inter-level travel time spent in this place.
 D = Time resting spent in this place.
 E = Time spent auto-exploring this place.
 F = Levels seen in this place.
 G = Mean time per level.
                   A        B        C        D        E       F      G
               +--------+--------+--------+--------+--------+-----+--------+
         Total |   9613 |   9432 |    181 |   2490 |   5403 |   8 | 1201.6 |
       Dungeon |   9613 |   9432 |    181 |   2490 |   5403 |   8 | 1201.6 |
               +--------+--------+--------+--------+--------+-----+--------+

Top non-repeatable levels by time:
     D:7: 1881 daAuts
     D:1: 1851 daAuts
     D:4: 1165 daAuts
     D:6: 1145 daAuts
     D:3: 1076 daAuts
     D:5: 945 daAuts
     D:8: 881 daAuts
     D:2: 666 daAuts
